 Dungeon Crawl Stone Soup version 0.20.1-1-g8b1a95d (webtiles) character file.

46 Zachthehappycat the Sneak (level 3, 0/19 HPs)
             Began as a Tengu Air Elementalist on July 3, 2017.
             Succumbed to an adder's poison
             ... on level 2 of the Dungeon.
             The game lasted 00:04:51 (1046 turns).

Zachthehappycat the Sneak (Tengu Air Elementalist)  Turns: 1046, Time: 00:04:52

Health: 0/19       AC:  2    Str:  8    XL:     3   Next: 68%
Magic:  2/7        EV: 13    Int: 17    God:
Gold:   68         SH:  0    Dex: 15    Spells: 5/6 levels left

rFire    . . .     SeeInvis .   m - +4 short sword
rCold    . . .     Gourm    .   (no shield)
rNeg     . . .     Faith    .   a - +0 robe
rPois    .         Spirit   .   (helmet restricted)
rElec    .         Reflect  .   (no cloak)
rCorr    .         Harm     .   (no gloves)
MR       .....                  (boots unavailable)
Stlth    +++.......             (no amulet)
Regen    0.1/turn               h - +2 ring of intelligence
MPRegen  0.1/turn               (no ring)

@: lethally poisoned (0 -> -11)
A: beak, talons 3
a: no special abilities


You were on level 2 of the Dungeon.
You were hungry.

You visited 1 branch of the dungeon, and saw 2 of its levels.

You collected 68 gold pieces.

Inventory:

Hand Weapons
 m - a +4 short sword (weapon)
Missiles
 g - 40 stones (quivered)
 s - 20 arrows
Armour
 a - a +0 robe (worn)
Jewellery
 h - a +2 ring of intelligence (left hand)
Scrolls
 d - 2 scrolls of remove curse {unknown}
 k - a scroll of blinking {unknown}
 l - a scroll of identify {unknown}
 n - a scroll of teleportation {unknown}
Potions
 e - a potion of flight {unknown}
 f - 4 potions of curing {unknown}
 i - 2 potions of berserk rage {unknown}
 o - 2 potions of agility {unknown}
 r - a potion of heal wounds {unknown}
Books
 b - a book of Air

   Spells                             Type                      Level
   a - Shock                          Conjuration/Air              1
   b - Swiftness                      Charms/Air                   2
   c - Static Discharge               Conjuration/Air              3
   d - Airstrike                      Air                          4
   e - Lightning Bolt                 Conjuration/Air              5
 p - a book of Misfortune

   Spells                             Type                      Level
   a - Confusing Touch                Hexes                        1
   b - Confuse                        Hexes                        3
   c - Gell's Gravitas                Translocation                3
   d - Petrify                        Transmutation/Earth          4
   e - Metabolic Englaciation         Hexes/Ice                    5
   f - Yara's Violent Unravelling     Hexes/Transmutation          5
Comestibles
 c - 3 bread rations
 j - 2 fruits
 q - a meat ration


   Skills:
 - Level 2.2 Dodging
 + Level 4.1 Stealth
 - Level 2.0 Spellcasting
 - Level 1.3 Conjurations
 - Level 4.0 Air Magic


You had 5 spell levels left.
You knew the following spells:

 Your Spells              Type           Power        Failure   Level  Hunger
a - Shock                 Conj/Air       ##..         6%          1    #......


Dungeon Overview and Level Annotations

Branches:
Dungeon (2/15)

Altars:


Innate Abilities, Weirdness & Mutations

You have a beak for a mouth.
You have claws for feet.


Message History

The zap misses the kobold.
* * * LOW HITPOINT WARNING * * *
You feel sick.
Casting: Shock
Confirm with . or Enter, or press ? or * to list all spells.
Aiming: Shock
Press: ? - help, Shift-Dir - straight line, f/p - kobold
Aim: a kobold, wielding a club (heavily wounded)
The zap hits the kobold.
The kobold is severely wounded.
* * * LOW HITPOINT WARNING * * *
You feel sick.
Casting: Shock
Confirm with . or Enter, or press ? or * to list all spells.
Aiming: Shock
Press: ? - help, Shift-Dir - straight line, f/p - kobold
Aim: a kobold, wielding a club (severely wounded)
The zap hits the kobold.
You kill the kobold!
You die...

#.## #......[...).#
#..###..).........#
.#.........#.....<####
.........#...........##
.........#......†.....##
........#..............#
.......................#
................)..)...#
................@......#
...........†...........#
#.....................##
#.....................#
#........##...........#
..............##......#
#.............###.....#
#.######.[............#
.. ...............#


There were no monsters in sight!

Vanquished Creatures
  An adder (D:2)
  An ooze (D:1)
  A dart slug (D:1)
  A leopard gecko (D:1)
  4 bats
  A giant cockroach (D:2)
  2 goblins (D:1)
  3 hobgoblins (D:1)
  A quokka (D:2)
  A ball python (D:1)
  2 frilled lizards
  9 kobolds
  A rat (D:2)
28 creatures vanquished.

Notes
Turn   | Place    | Note
-------+----------+-------------------------------------------
     0 | D:1      | Zachthehappycat the Tengu Air Elementalist began the quest for the Orb.
     0 | D:1      | Reached XP level 1. HP: 10/10 MP: 4/4
   170 | D:1      | Reached XP level 2. HP: 9/15 MP: 0/6
   664 | D:1      | Reached XP level 3. HP: 17/19 MP: 3/7
  1046 | D:2      | Succumbed to an adder's poison

Skill      XL: |  1  2  3 |
---------------+----------+-----
Stealth        | 3 4 |  4.1
Dodging        | |  2.2
Spellcasting   | |  2.0
Conjurations   | |  1.3
Air Magic      | |  4.0

Action                   || total
-------------------------++-------
Melee: Short sword       ||    22
       Kick              ||     5
       Peck              ||     2
       Unarmed           ||     1
       Dagger            ||    10
 Cast: Shock             ||    28
 Stab: Sleeping          ||     3
Armor: Robe              ||    17
Dodge: Dodged            ||    34
